AoeStats
← NDF

Arabia

505991639Analyzed
2v2 RM · 20d ago on Sep 11, 2026· 49m 12s· 4 players
Game mode
Random Map
Map size
Medium (4 player)
Population
200
Speed
Normal
Resources
Standard
Victory
Conquest
Starting age
Dark Age
Ending age
Imperial Age
RankedLock teamsTeams togetherTeam positionsShared explorationLock speedFull tech treeHidden civsTurbo modeCheats
Victory
Defeat
🇦🇷 Teutons · Argentina
725
+15
🇦🇷 Spanish · Argentina
724
+15
🇪🇸 Mongols · Spain
727
-17
🇨🇦 Poles · Canada
660
-14
NDF
3:06 Loom
12:11 Feudal Age
18:07 Castle Age
17:04 Double-Bit Axe
17:02 Horse Collar
17:30 Man-at-Arms
18:55 Gold Mining
19:58 Elite Skirmisher
20:54 Heavy Plow
21:50 Stone Mining
31:43 Forging
31:24 Fletching
34:04 Bodkin Arrow
34:46 Iron Casting
36:51 Ironclad
37:24 Stone Shaft Mining
37:43 Wheelbarrow
36:54 Town Watch
40:18 Masonry
43:36 Imperial Age
41:30 Scale Mail Armor
43:36 Bow Saw
43:33 Padded Archer Armor
43:49 Chain Mail Armor
43:40 Scale Barding Armor
44:58 Elite Teutonic Knight
47:05 Crop Rotation
46:55 Hand Cart
48:01 Spies/Treason
49:33 Bloodlines
estebanpa
11:14 Feudal Age
11:21 Loom
11:58 Double-Bit Axe
11:56 Horse Collar
20:31 Castle Age
18:48 Gold Mining
19:16 Scale Barding Armor
20:41 Bloodlines
21:39 Bow Saw
21:35 Husbandry
22:41 Scale Mail Armor
22:51 Forging
26:23 Heavy Plow
27:28 Stone Mining
33:16 Imperial Age
30:51 Murder Holes
32:24 Squires
31:45 Pikeman
33:01 Ballistics
34:35 Chain Barding Armor
34:33 Chain Mail Armor
34:53 Iron Casting
33:44 Cavalier
33:50 Halberdier
37:33 Plate Barding Armor
39:56 Two-Man Saw
39:35 Stone Shaft Mining
39:04 Inquisition
39:26 Supremacy
41:04 Chemistry
39:33 Elite Conquistador
42:09 Capped Ram
45:19 Redemption
45:35 Illumination
45:25 Block Printing
46:42 Blast Furnace
46:12 Plate Mail Armor
48:13 Paladin
48:16 Light Cavalry
Happpycatz
13:41 Feudal Age
15:10 Horse Collar
15:29 Man-at-Arms
18:37 Wheelbarrow
18:00 Double-Bit Axe
24:21 Castle Age
30:12 Loom
Dash Kappei
4:00 Loom
11:47 Feudal Age
12:17 Double-Bit Axe
13:42 Horse Collar
16:02 Wheelbarrow
16:42 Bloodlines
19:12 Scale Barding Armor
19:48 Town Watch
20:10 Gold Mining
20:15 Stone Mining
25:09 Castle Age
23:11 Fletching
23:32 Forging
25:56 Thumb Ring
26:32 Iron Casting
25:20 Light Cavalry
26:02 Husbandry
26:05 Squires
25:27 Pikeman
25:30 Man-at-Arms
25:57 Arson
26:19 Heavy Plow
28:21 Hand Cart
33:55 Gold Shaft Mining
33:56 Stone Shaft Mining
Connection lost

Rejoining the realm…

Still unreachable

The connection could not be restored.

Session expired

The server has moved on; the page needs a fresh start.